cohdb
Replays
Latest Replays
All Replays
Popular Replays
Top Player Replays
Match Explorer
How It Works
Community
CoH3 Stats
Reddit
Sign in to upload your games and track your stats! →
Sign in with Steam
Match 25215066
Unlisted
Match 25215066
Overview
Messages
Build Orders
End
Kettenkrad Recon Vehicle
Selects Luftwaffe Battlegroup
Selects Luftwaffe Pioneer Support
Fallschirmpioneer Squad Paradrop
Construct Infanterie Kompanie
Grenadier Squad
Sniper
Construct Luftwaffe Kompanie
Selects Stuka Strafing Run
Selects Fallschirmjäger Squad Paradrop
Support Elements
Fallschirmjäger Squad Paradrop
Wirbelwind Flakpanzer
Selects LG40 Recoilless Gun Paradrop
Jäger Squad
Fallschirmjäger Squad Paradrop
SoraTsukishima
ConcernedApe
0
0
Comments
sign in to comment!
No comments posted yet!